 Dungeon Crawl Stone Soup version 0.24.1-14-gf8d2b509d9 (webtiles) character file.

Game seed: 16501596194490638381, levelgen mode: deterministic

46 Mrkan the Twirler (level 3, 0/39 HPs)
             Began as an Ogre Gladiator on May 22, 2020.
             Slain by a gnoll
             ... wielding a +1 vampiric spear
              (2 damage)
             ... on level 2 of the Dungeon.
             The game lasted 00:01:26 (1237 turns).

Mrkan the Twirler (Ogre Gladiator)                  Turns: 1237, Time: 00:01:26

Health: 0/39       AC:  3    Str: 18    XL:     3   Next: 66%
Magic:  3/3        EV: 10    Int: 10    God:
Gold:   90         SH:  0    Dex: 10    Spells: 2/2 levels left

rFire    . . .     SeeInvis .   a - +0 quarterstaff
rCold    . . .     Gourm    .   (shield currently unavailable)
rNeg     . . .     Faith    .   b - +0 robe
rPois    .         Spirit   .   c - +0 hat
rElec    .         Reflect  .   (no cloak)
rCorr    .         Harm     .   (gloves unavailable)
MR       .....                  (boots unavailable)
Stlth    +.........             (no amulet)
HPRegen  0.13/turn              (no ring)
MPRegen  0.08/turn              (no ring)

@: no status effects
A: large, unfitting armour, tough skin 1
a: no special abilities


You were on level 2 of the Dungeon.
You were very hungry.

You visited 1 branch of the dungeon, and saw 2 of its levels.

You collected 90 gold pieces.

Inventory:

Hand Weapons
 a - a +0 quarterstaff (weapon)
Missiles
 d - 3 throwing nets (quivered)
Armour
 b - a +0 robe (worn)
 c - a +0 hat (worn)
Jewellery
 e - an uncursed ring of see invisible {unknown}
Scrolls
 h - a scroll of identify {unknown}
 l - a scroll of teleportation {unknown}
 n - a scroll of remove curse {unknown}
 q - a scroll of immolation {unknown}
Potions
 g - a potion of might {unknown}
 i - a potion of heal wounds {unknown}
 j - a potion of berserk rage {unknown}
 k - 2 potions of lignification {unknown}
 m - a potion of cancellation {unknown}
 o - a potion of curing {unknown}
 p - a potion of haste {unknown}
 r - 2 potions of degeneration {unknown}
Comestibles
 f - 3 rations


   Skills:
 + Level 3.6 Fighting
 * Level 4.1 Staves
 - Level 2.0 Throwing
 - Level 2.6 Dodging


You had 2 spell levels left.
You didn't know any spells.
Your spell library was empty.

Dungeon Overview and Level Annotations

Branches:
Dungeon (2/15)

Altars:


Innate Abilities, Weirdness & Mutations

You are too large for most types of armour.
You have tough skin. (AC +1)


Message History

You kill the gnoll!
Your Staves skill increases to level 4!
The gnoll hits you from afar with a +0 spear!
The gnoll closely misses you. The gnoll barely misses you.
You see here a gnoll corpse.
You sock the gnoll!
The gnoll is severely wounded.
The gnoll hits you with a +0 spear.
The gnoll hits you from afar with a +1 vampiric spear.
You barely miss the gnoll.
The gnoll is severely wounded.
The gnoll hits you with a +0 spear.
* * * LOW HITPOINT WARNING * * *
The gnoll hits you from afar with a +1 vampiric spear!
* * * LOW HITPOINT WARNING * * *
You barely miss the gnoll.
The gnoll is severely wounded.
The gnoll hits you from afar with a +1 vampiric spear.
You die...

##.## #.# #.##.#
#.######## #.#..#
#......[.. #.#.##
#..####### #.#.# #..#
#.#.# #..# #.#.# #..#
####.#.#### #.######
....(.....# #..g@..#
#####.....###.####g#
............#.##...####
####....(.#.#.##.#.....
#...............#.
#.#.####.#....###.#
####.#.####.#....###.#
.....#...............#..#
######..........%.†.[....


You could see 2 gnolls.

Vanquished Creatures
  A gnoll (D:2)
  An ooze (D:1)
  2 giant cockroaches (D:1)
  4 goblins (D:1)
  A hobgoblin (D:1)
  2 jackals (D:1)
  7 kobolds (D:1)
  5 bats
  3 frilled lizards (D:1)
  3 rats
29 creatures vanquished.

Notes
Turn   | Place    | Note
-------+----------+-------------------------------------------
     0 | D:1      | Mrkan the Ogre Gladiator began the quest for the Orb.
     0 | D:1      | Reached XP level 1. HP: 22/22 MP: 1/1
   210 | D:1      | Reached XP level 2. HP: 31/31 MP: 2/2
   733 | D:1      | Reached XP level 3. HP: 30/37 MP: 3/3
  1233 | D:2      | Reached skill level 4 in Staves
  1237 | D:2      | Slain by a gnoll

Levels and vault maps discovered:
D:1:      minmay_arrival_checkered_box, layout_basic,
          chequers_serial_rivers_micro_b
D:2:      minmay_chambers_of_ones, layout_loops_ring, grunt_temple_overflow_open

Skill      XL: |  1  2  3 |
---------------+----------+-----
Fighting       | 3 |  3.6
Staves         | 4 |  4.1
Throwing       | |  2.0
Dodging        | |  2.6

Action                   || total
-------------------------++-------
Melee: Quarterstaff      ||    84
Armor: Robe              ||    37
Dodge: Dodged            ||    54
